Map: Central Protocol

Players

Hindulaatti

  • Race: Zerg Zerg
  • League: Diamond

Pople

  • Race: Zerg Zerg

JohnMcClane

  • Race: Terran Terran
  • League: Gold

Harkinator

  • Race: Terran Terran

VOD

Have the link to the VOD?

Description

Time

  • Played on: Feb. 11, 2016, 7:03 a.m.
  • Length: 14:04
Show
View Real Time Build Order
Export as new Build Order

Hindulaatti Zerg 

Build Orders: Hatch First, Muta Ling Bane 

Get SALT Encoding   

  12  0:01  Drone  
  13  0:11  Drone  
  14  0:18  Extractor  
  14  0:19  Overlord  
  14  0:37  Drone x3  
  17  0:52  Drone  
  18  0:58  Hatchery  
  17  1:06  Drone, Extractor  
  17  1:16  Spawning Pool  
  16  1:19  Drone  
  16  1:22  Drone  
  18  1:31  Drone  
  19  1:56  Overlord  
  19  2:03  Queen  
  19  2:04  Drone  
  19  2:06  Metabolic Boost  
  22  2:11  Queen  
  24  2:17  Overlord  
  24  2:18  Drone x2  
  26  2:28  Zergling x4  
  28  2:33  Drone  
  29  2:41  Baneling Nest  
  28  2:53  Queen x2  
  28  2:54  Drone  
  33  3:13  Hatchery  
  32  3:33  Drone x4  
  32  3:34  Drone x4  
  40  3:39  Extractor  
  39  3:51  Overlord  
  39  3:54  Lair  
  38  4:07  Extractor  
  37  4:11  Spine Crawler, Extractor  
  37  4:15  Drone x7  
  42  4:21  Burrow  
  42  4:30  Baneling x2  
  42  4:36  Drone  
  42  4:37  Drone x2, Overlord  
  46  4:45  Drone x2  
  46  4:46  Drone  
  48  5:01  Overseer  
  48  5:06  Drone x2  
  48  5:07  Drone x2  
  52  5:14  Evolution Chamber  
  51  5:16  Evolution Chamber  
  49  5:23  Zergling x8  
  49  5:24  Zergling x12  
  59  5:35  Drone  
  60  5:36  Overlord  
  60  5:40  Zerg Melee Weapons Level 1  
  60  5:42  Zerg Ground Armor Level 1  
  60  5:48  Baneling x4  
  60  5:49  Spine Crawler, Baneling x3  
  59  5:50  Baneling  
  59  6:05  Spore Crawler  
  59  6:07  Centrifical Hooks  
  59  6:10  Pneumatized Carapace  
  58  6:11  Spore Crawler  
  58  6:14  Drone x4  
  61  6:39  Spire  
  60  6:48  Spine Crawler  
  60  6:50  Extractor  
  57  6:54  Extractor  
  56  7:04  Zergling x2  
  56  7:05  Zergling x22  
  56  7:06  Overlord x2  
  56  7:07  Spine Crawler  
  67  7:15  Baneling x2  
  65  7:25  Baneling x3  
  65  7:29  Drone x6  
  71  7:37  Zerg Melee Weapons Level 2  
  71  7:38  Zerg Ground Armor Level 2  
  71  7:40  Overlord  
  71  7:41  Drone x2  
  73  7:50  Drone x4  
  77  7:53  Baneling  
  77  7:56  Zerg Flyer Weapons Level 1  
  77  7:57  Drone  
  78  8:03  Overlord  
  78  8:08  Drone  
  78  8:09  Drone x2  
  81  8:14  Baneling  
  81  8:22  Hatchery  
  80  8:37  Overlord x2  
  80  8:49  Mutalisk x6  
  80  8:53  Mutalisk x2, Extractor x2  
  94  8:57  Mutalisk  
  96  9:12  Infestation Pit  
  96  9:13  Mutalisk x4  
  96  9:16  Overlord  
  102  9:33  Queen  
  100  9:42  Overseer  
  100  9:45  Mutalisk x7  
  99  9:51  Queen  
  113  9:52  Hive  
  113  9:57  Zerg Flyer Armor Level 1  
  113  10:18  Drone x12  
  113  10:19  Drone  
  113  10:20  Mutalisk x6  
  121  10:47  Overlord x2  
  121  10:50  Drone x2  
  121  10:51  Drone x9, Overlord  
  122  11:16  Baneling x11  
  122  11:17  Drone x2  
  122  11:33  Adrenal Glands  
  122  11:38  Overlord x2  
  122  11:39  Mutalisk x7  
  136  11:46  Zergling x2  
  137  11:54  Greater Spire  
  135  12:11  Zergling x38  
  153  12:31  Overlord x4  
  153  12:32  Overseer  
  153  12:37  Baneling x2  
  149  12:52  Hatchery  
  142  12:59  Zergling x8, Viper x2  
  142  13:00  Corruptor x2  
  142  13:01  Corruptor  
  155  13:35  Baneling x8  
  155  13:40  Extractor  
  154  13:43  Extractor  
Show
View Real Time Build Order
Export as new Build Order

Pople Zerg 

Build Orders:  

Get SALT Encoding   

  12  0:04  SCV  
  13  0:16  SCV  
  14  0:28  SCV  
  15  0:35  Supply Depot  
  15  0:57  SCV  
  15  0:59  Supply Depot  
  16  1:09  Barracks  
  16  1:16  Refinery  
  16  1:18  SCV  
  17  1:24  Supply Depot  
  17  1:30  SCV  
  18  1:42  SCV  
  19  1:47  Supply Depot  
  19  1:56  Orbital Command  
  19  1:59  Barracks  
  19  2:11  Supply Depot  
  19  2:13  Refinery  
  19  2:17  Marine  
  20  2:35  Marine  
  21  2:38  Factory  
  21  2:45  SCV  
  22  2:53  Marine  
  22  2:56  Barracks Reactor  
  22  2:57  SCV  
  24  3:06  Barracks  
  24  3:11  Marine  
  25  3:25  Hellion  
  27  3:29  Starport, Marine  
  28  3:44  Marine x2  
  28  3:46  Hellion  
  32  4:02  Marine x2  
  34  4:06  Starport  
  34  4:07  Hellion  
  34  4:15  Marine x2  
  36  4:20  Marine x2  
  38  4:27  Starport Reactor  
  38  4:29  Hellion  
  40  4:32  Marine  
  40  4:33  Marine  
  40  4:37  Marine  
  40  4:38  Marine  
  44  4:49  Widow Mine  
  44  4:52  Barracks Tech Lab  
  46  4:53  Starport Reactor  
  46  4:55  Barracks Reactor  
  46  5:18  Widow Mine  
  48  5:46  Widow Mine, Engineering Bay  
  48  5:49  Marine x2  
  51  5:50  Marine x3  
  55  6:40  Command Center  
  55  7:00  Supply Depot  
  55  7:03  Marine  
  55  7:14  Marine x2  
  55  7:19  Marine x2  
  55  7:20  Medivac  
  55  7:21  Marine  
  55  7:22  Supply Depot  
  56  7:28  Medivac x2  
  56  7:29  Medivac  
  62  7:31  Marine  
  63  7:43  Marine x4  
  67  7:45  Supply Depot  
  67  7:49  Marine  
  67  7:50  Medivac  
  70  8:01  Marine  
  71  8:06  Medivac x2, Marine x3  
  71  8:07  Marine  
  71  8:09  Supply Depot, Stimpack  
  79  8:30  Viking, Marine  
  79  8:31  Marauder, Supply Depot  
  84  8:41  Viking  
  86  8:52  Marauder  
  88  9:04  Marine x2  
  90  9:13  Marauder  
  90  9:16  Orbital Command  
  90  9:35  Marauder  
  84  9:55  Marine x4  
  84  9:56  Marauder  
  84  10:10  Combat Shields  
  84  10:13  Marine x4  
  79  10:17  Marine  
  77  10:28  Viking  
  77  10:29  Viking x2  
  77  10:30  Marine  
  77  10:31  Marine x2  
  62  11:22  Medivac x2  
  58  11:45  Medivac  
  60  11:48  Marine x5  
  60  11:52  Medivac  
  57  12:06  Marine x5  
  61  12:52  Viking, Marine x4  
  30  13:08  Widow Mine  
  25  13:14  Marine x3  
  25  13:15  Marine  
Show
View Real Time Build Order
Export as new Build Order

JohnMcClane Terran 

Build Orders:  

Get SALT Encoding   

Show
View Real Time Build Order
Export as new Build Order

Harkinator Terran 

Build Orders:  

Get SALT Encoding   

Tags
 
Add a new tag
Caveats
  • Supply blocks, unpowered buildings, or Contaminate may cause inaccurate times.
  • Supply counts are checked every 10 seconds.